 Dungeon Crawl Stone Soup version 0.26-a0-810-ge1a9524b62 (webtiles) character file.

Game seed: 4594862512285089271

1257 marklar909 the Digger (level 8, -6/59 HPs)
             Began as a Grey Draconian Earth Elementalist on Nov 13, 2020.
             Was an Initiate of the Shining One.
             Mangled by an orc warrior
             ... wielding a +0 glaive
              (14 damage)
             ... on level 6 of the Dungeon.
             The game lasted 00:09:27 (7725 turns).

marklar909 the Digger (DrEE)                        Turns: 7725, Time: 00:09:27

Health: -6/59      AC: 11    Str: 10    XL:     8   Next: 26%
Magic:  9/15       EV: 13    Int: 17    God:    the Shining One [......]
Gold:   301        SH:  0    Dex: 13    Spells: 9/17 levels left

rFire    . . .     SeeInvis .     - Unarmed
rCold    . . .     Faith    .   (no shield)
rNeg     . . .     Spirit   .   (armour unavailable)
rPois    .         Reflect  .   n - +0 hat
rElec    .         Harm     .   (no cloak)
rCorr    .         Rampage  .   (no gloves)
MR       .....                  (no boots)
Stlth    +.........             (no amulet)
HPRegen  0.19/turn              (no ring)
MPRegen  0.14/turn              (no ring)

@: glowing
A: walk through water, unfitting armour, unbreathing, cold-blooded, AC +11
a: Renounce Religion


You were on level 6 of the Dungeon.
You worshipped the Shining One.
The Shining One was noncommittal.
You visited 2 branches of the dungeon, and saw 7 of its levels.
You also visited: Sewer.

You collected 301 gold pieces.

Inventory:

Missiles
 w - 24 stones (quivered)
Armour
 f - a +0 buckler
 n - a +0 hat (worn)
Scrolls
 a - 4 scrolls of remove curse {unknown}
 d - a scroll of immolation {unknown}
 g - a scroll of magic mapping {unknown}
 i - a scroll of blinking {unknown}
 j - 10 scrolls of identify {unknown}
 k - a scroll of teleportation {unknown}
 l - 2 scrolls of fog {unknown}
 p - 2 scrolls of fear {unknown}
 u - a scroll of random uselessness {unknown}
 x - a scroll of amnesia {unknown}
Potions
 b - a potion of degeneration {unknown}
 c - a potion of might {unknown}
 e - a potion of lignification {unknown}
 h - 2 potions of curing
 m - a potion of attraction {unknown}
 o - 2 potions of flight {unknown}
 q - a potion of heal wounds {unknown}
 r - a potion of mutation {unknown}
 s - a potion of berserk rage {unknown}
 v - a potion of magic {unknown}
Miscellaneous
 t - a box of beasts


   Skills:
 + Level 1.4 Fighting
 + Level 3.1 Dodging
 + Level 2.2 Stealth
 * Level 3.4 Shields
 + Level 1.0 Unarmed Combat
 + Level 5.0 Spellcasting
 * Level 3.3 Conjurations
 * Level 3.0 Transmutations
 + Level 6.5 Earth Magic


You had 9 spell levels left.
You knew the following spells:

 Your Spells              Type           Power        Failure   Level
a - Sandblast             Erth           ####..       1%          1
b - Stone Arrow           Conj/Erth      ###...       5%          3
c - Petrify               Tmut/Erth      ###.....     21%         4

Your spell library contained the following spells:

 Spells                   Type           Power        Failure   Level
 Magic Dart               Conj           ###.         3%          1
 Passwall                 Tmut/Erth      ###.....     3%          2
 Blink                    Tloc           N/A          22%         2
 Call Imp                 Summ           #.......     22%         2
 Slow                     Hex            #.......     22%         2
 Conjure Flame            Conj/Fire      #.......     22%         3
 Mephitic Cloud           Conj/Pois/Air  #.......     26%         3
 Lee's Rapid Deconstruct  Erth           ####......   26%         5


Dungeon Overview and Level Annotations

Branches:
Dungeon (6/15)             Temple (1/1) D:4           Sewer (visited)

Altars:
Cheibriados
Fedhas
Hepliaklqana
Makhleb
Nemelex Xobeh
Uskayaw
Wu Jian
Xom
Yredelemnul
Zin
The Shining One

Annotations:
D:2 Sigmund


Innate Abilities, Weirdness & Mutations

You can walk through water.
Your dull iron-grey scales are very hard. (AC +11)
You cannot fit into any form of body armour.
You can survive without breathing.
You are cold-blooded and may be slowed by cold attacks.


Message History

The orc warrior hits you with a +0 glaive!
The orc priest invokes the aid of Beogh against you.
Beogh smites you!
Casting: Stone Arrow (dangerous; 5% risk of failure)
Confirm with . or Enter, or press ? or * to list all spells.
Aiming: Stone Arrow (dangerous; 5% risk of failure)
Press: ? - help, Shift-Dir - straight line, f/p - orc warrior
Aim: an orc warrior, wielding a +0 glaive and wearing a +1 plate armour of cold resistance (lightly wounded, haloed)
The stone arrow hits the orc warrior.
The orc warrior is lightly wounded.
The orc warrior closely misses you.
The orc priest invokes the aid of Beogh against you.
Beogh smites you!
* * * LOW HITPOINT WARNING * * *
Unknown command.
The orc priest invokes the aid of Beogh against you.
Beogh smites you! The Shining One protects you from harm!
The orc warrior hits you with a +0 glaive!
You die...

...# ###.####
####......#
#.##.#.##.#
#######.#.#.#.##.#
#......###....##.#
#.....#.#...####.#
#.....##.#..####.#
#.....##.#.ooo@..#
#..........o######
#............#
#.####.#.##.##
....###.#†##.#
###..#.....##.#
#..#.#o#...... ..
#o#.#.#####
#..h..$..#


You could see an orc warrior, an orc priest and 2 orcs.

Vanquished Creatures
  A water moccasin (D:5)
  Purgy (Sewer)
  A sky beast (D:6)
  An ice beast (D:5)
  A phantom (D:4)
  An ogre (D:4)
  A centaur (D:5)
  A bullfrog (D:3)
  A howler monkey (D:5)
  A bullfrog zombie (D:5)
  A centaur skeleton (D:4)
  A hound (D:4)
  2 orc priests (D:5)
  5 orc wizards
  A bullfrog skeleton (D:4)
  A worker ant (D:6)
  7 adders
  2 shadow imps
  An ooze (D:3)
  4 worms
  2 leopard geckos
  15 orcs
  6 giant cockroaches
  4 goblins
  7 hobgoblins
  4 jackals (D:1)
  10 kobolds
  A quokka (D:2)
  A ball python (D:1)
  9 bats
  3 frilled lizards
  5 rats
102 creatures vanquished.

Vanquished Creatures (others)
  A plant (Temple)
1 creature vanquished.

Grand Total: 103 creatures vanquished

Notes
Turn   | Place    | Note
-------+----------+-------------------------------------------
     0 | D:1      | marklar909 the Draconian Earth Elementalist began the quest
                  | for the Orb.
     0 | D:1      | Reached XP level 1. HP: 14/14 MP: 3/3
   436 | D:1      | Reached XP level 2. HP: 20/20 MP: 1/5
  1370 | D:2      | Reached XP level 3. HP: 26/26 MP: 4/6
  1520 | D:2      | Noticed Sigmund
  1526 | D:2      | Learned a level 3 spell: Stone Arrow
  1948 | D:3      | Found a hazy altar of Hepliaklqana.
  2125 | D:3      | Reached XP level 4. HP: 23/33 MP: 1/8
  2145 | D:3      | HP: 1/33 [orc wizard/magic dart (3)]
  2146 | D:3      | Reached skill level 1 in Shields
  2146 | D:3      | Reached skill level 4 in Earth Magic
  2813 | D:3      | Noticed a bullfrog
  2815 | D:3      | Killed a bullfrog
  2815 | D:3      | Reached XP level 5. HP: 38/38 MP: 6/10
  2889 | D:3      | Learned a level 4 spell: Petrify
  2919 | D:4      | Noticed an ogre
  2923 | D:4      | Killed an ogre
  2953 | D:4      | Reached XP level 6. HP: 31/45 MP: 5/11
  3051 | D:4      | Reached skill level 1 in Conjurations
  3186 | D:4      | Found a staircase to the Ecumenical Temple.
  3188 | D:4      | Found a glowing drain.
  3223 | Sewer    | Entered a sewer
  3296 | Sewer    | Noticed Purgy
  3305 | Sewer    | Killed Purgy
  3518 | Temple   | Entered the Ecumenical Temple
  3620 | Temple   | Became a worshipper of the Shining One
  4182 | D:3      | Your scales start taking on a dull iron-grey colour.
  4182 | D:3      | Reached skill level 5 in Earth Magic
  4182 | D:3      | Reached XP level 7. HP: 40/51 MP: 1/13
  4182 | D:3      | Gained mutation: You can survive without breathing. [Grey
                  | Draconian growth]
  4687 | D:4      | Reached skill level 6 in Earth Magic
  5514 | D:4      | Reached skill level 1 in Fighting
  5777 | D:5      | Entered Level 5 of the Dungeon
  6624 | D:5      | Reached XP level 8. HP: 59/59 MP: 0/15
  7422 | D:6      | Reached skill level 5 in Spellcasting
  7638 | D:6      | Reached skill level 1 in Unarmed Combat
  7725 | D:6      | The Shining One protects you from harm!
  7725 | D:6      | Mangled by an orc warrior

Illustrated notes

Levels and vault maps discovered:
D:1:      scummos_arrival_hexagon, layout_loops_ring, corexii_corridor_pit,
          minmay_strange_pillars, minmay_misc_feat_four_crosses
D:2:      layout_basic, uniq_sigmund
D:3:      wander_river, layout_loops_ring, lemuel_doored_altar
D:4:      layout_loops_ring, minmay_temple_entry_gardened_gates,
          gup_sewer_entry_glass, kennysheep_nub
D:5:      layout_layer_cave
D:6:      layout_loops_cross, grunt_temple_overflow_magic_moments,
          ashenzari_conservatory_becter, grunt_temple_overflow_open,
          basic_altar, kennysheep_okawaru_gauntlet, uniq_duvessa
Temple:   cyrus_temple_forest

Skill      XL: |  1  2  3  4  5  6  7  8 |
---------------+-------------------------+-----
Dodging        | 2 3 |  3.1
Shields        | 1 2 3 |  3.4
Spellcasting   | 3 4 5 |  5.0
Earth Magic    | 4 5 6 |  6.5
Stealth        | 2 |  2.2
Conjurations   | 1 3 |  3.3
Transmutations | 2 3 |  3.0
Fighting       | 1 |  1.4
Unarmed Combat | 1 |  1.0

Action                   |  1- 3 |  4- 6 |  7- 9 || total
-------------------------+-------+-------+-------++-------
Melee: Unarmed           |    26 |    29 |    97 ||   152
       Tailslap          |       |     3 |     8 ||    11
 Cast: Sandblast         |    78 |    62 |    13 ||   153
       Stone Arrow       |       |    11 |    60 ||    71
  Use: Potion            |       |       |     1 ||     1
Armor: Skin              |    13 |    16 |    63 ||    92
Dodge: Dodged            |    58 |    33 |    56 ||   147

Table legend: (Time is in decaauts)
 A = Elapsed time spent in this place.
 B = Non-inter-level travel time spent in this place.
 C = Inter-level travel time spent in this place.
 D = Time resting spent in this place.
 E = Time spent auto-exploring this place.
 F = Levels seen in this place.
 G = Mean time per level.
                   A        B        C        D        E       F      G
               +--------+--------+--------+--------+--------+-----+--------+
         Total |   7758 |   7578 |    180 |   2267 |   4219 |   8 |  969.8 |
       Dungeon |   7378 |   7231 |    147 |   2222 |   4003 |   6 | 1229.7 |
        Temple |    124 |     91 |     33 |      0 |     76 |   1 |  124.0 |
         Sewer |    254 |    254 |      0 |     45 |    140 |   1 |  254.0 |
               +--------+--------+--------+--------+--------+-----+--------+

Top non-repeatable levels by time:
     D:3: 2286 daAuts
     D:5: 1777 daAuts
     D:4: 1595 daAuts
     D:1: 1295 daAuts
   Sewer: 254 daAuts
     D:2: 253 daAuts
     D:6: 170 daAuts
  Temple: 124 daAuts
